 Dungeon Crawl Stone Soup version 0.23-a0-622-g59b4ea9 (webtiles) character file.

51 zishaf the Grasshopper (level 3, 0/33 HPs)
             Began as a Naga Warper on Dec 23, 2018.
             Slain by an adder (1 damage)
             ... on level 3 of the Dungeon.
             The game lasted 00:02:59 (2318 turns).

zishaf the Grasshopper (Naga Warper)                Turns: 2318, Time: 00:02:59

Health: 0/33       AC:  3    Str: 13    XL:     3   Next: 81%
Magic:  6/6        EV:  9    Int: 14    God:
Gold:   126        SH:  0    Dex: 10    Spells: 2/6 levels left

rFire    . . .     SeeInvis +   a - +0 hand axe
rCold    + . .     Gourm    .   (no shield)
rNeg     . . .     Faith    .   b - +0 leather armour
rPois    +         Spirit   .   (no helmet)
rElec    .         Reflect  .   g - scarf {repulsion}
rCorr    .         Harm     .   k - +0 pair of gloves
MR       .....                  (no barding)
Stlth    +.........             (no amulet)
HPRegen  0.11/turn              o - ring of protection from cold
MPRegen  0.10/turn              (no ring)

@: lethally poisoned (0 -> -7), repel missiles, very slow
A: large, see invisible, deformed body, poison resistance, slowness 2, slow
metabolism 1, spit poison 1, AC +1
a: Spit Poison


You were on level 3 of the Dungeon.
You were not hungry.

You visited 1 branch of the dungeon, and saw 3 of its levels.

You collected 126 gold pieces.

Inventory:

Hand Weapons
 a - a +0 hand axe (weapon)
Missiles
 e - 5 tomahawks of dispersal (quivered)
Armour
 b - a +0 leather armour (worn)
 g - a scarf of repulsion (worn)
 k - a +0 pair of gloves (worn)
Jewellery
 o - a ring of protection from cold (left hand)
Wands
 q - a wand of random effects (20)
Scrolls
 c - a scroll of magic mapping {unknown}
 d - a scroll of blinking
 h - 2 scrolls of enchant weapon {unknown}
 l - 2 scrolls of teleportation {unknown}
 n - a scroll of remove curse {unknown}
 p - 2 scrolls of identify {unknown}
Potions
 i - 3 potions of flight {unknown}
 j - 2 potions of heal wounds {unknown}
 m - a potion of magic {unknown}
 r - a potion of mutation {unknown}
Comestibles
 f - 5 rations
 s - 4 chunks of flesh


   Skills:
 + Level 2.6 Fighting
 + Level 2.6 Axes
 - Level 1.0 Throwing
 - Level 1.0 Armour
 + Level 2.1 Dodging
 - Level 2.0 Spellcasting
 + Level 0.5 Charms
 + Level 3.1 Translocations


You had 2 spell levels left.
You knew the following spells:

 Your Spells              Type           Power        Failure   Level  Hunger
a - Blink                 Tloc           N/A          13%         2    ###....
b - Shroud of Golubria    Chrm/Tloc      #.........   22%         2    ###....

Your spell library contained the following spells:

 Spells                   Type           Power        Failure   Level  Hunger
 Gell's Gravitas          Tloc           ##........   26%         3    ####...
 Lesser Beckoning         Tloc           ##........   26%         3    ####...
 Teleport Other           Tloc           ##......     26%         3    ####...
 Passage of Golubria      Tloc           N/A          63%         4    #####..


Dungeon Overview and Level Annotations

Branches:
Dungeon (3/15)

Altars:
Gozag


Innate Abilities, Weirdness & Mutations

You cannot wear boots.
Your serpentine skin is tough. (AC +1)
You have supernaturally acute eyesight. (SInv)
Armour fits poorly on your strangely shaped body.
Your system is resistant to poisons. (rPois)
You cover ground very slowly.
You have a slow metabolism.
You can spit poison.


Message History

The adder bites you.
* * * LOW HITPOINT WARNING * * *
You are lethally poisoned!
The adder poisons you!
You barely miss the adder.
The adder is severely wounded.
* * * LOW HITPOINT WARNING * * *
You feel sick. The adder misses you. The adder bites you.
* * * LOW HITPOINT WARNING * * *
You barely miss the adder.
The adder is severely wounded.
* * * LOW HITPOINT WARNING * * *
You feel sick. The adder misses you.
You barely miss the adder.
The adder is severely wounded.
* * * LOW HITPOINT WARNING * * *
You feel sick. The adder bites you.
* * * LOW HITPOINT WARNING * * *
The adder bites you.
You die...

#.......#.....
#####.##÷..##(....
#......÷....#.....
#.###.##....#....)
#.# #.##....#.....
#.# #.##....######
#.# #.##....# #.#
#.##....# #@#
#.##....# #S#
#.#####.# #.# #.#
#.# #.# #.# #.#
#.# #.# #.# #.#
#.# #.# #.######
#.......


You could see an adder.

Vanquished Creatures
  A dart slug (D:1)
  A leopard gecko (D:2)
  5 giant cockroaches
  7 hobgoblins
  9 kobolds
  A quokka (D:2)
  3 bats
  A frilled lizard (D:2)
  10 goblins
  7 rats
45 creatures vanquished.

Notes
Turn   | Place    | Note
-------+----------+-------------------------------------------
     0 | D:1      | zishaf the Naga Warper began the quest for the Orb.
     0 | D:1      | Reached XP level 1. HP: 19/19 MP: 3/3
   211 | D:1      | Reached skill level 1 in Throwing
   231 | D:1      | Reached skill level 1 in Armour
   469 | D:1      | Reached XP level 2. HP: 24/26 MP: 5/5
   815 | D:2      | Reached XP level 3. HP: 33/33 MP: 6/6
   823 | D:2      | Learned a level 2 spell: Blink
   826 | D:2      | Learned a level 2 spell: Shroud of Golubria
  1277 | D:2      | Found an opulent altar of Gozag.
  2318 | D:3      | HP: 1/33 [adder (1)]
  2318 | D:3      | Slain by an adder

Vault maps used:
D:1:      shiori_arrival_oz
D:2:      nicolae_gozag_cash_rules_everything_around_me
D:3:      first_ration

Skill      XL: |  1  2 |
---------------+-------+-----
Throwing       | 1 |  1.0
Armour         | 1 |  1.0
Dodging        | 2 |  2.1
Fighting       | |  2.6
Axes           | |  2.6
Spellcasting   | |  2.0
Charms         | |  0.5
Translocations | |  3.1

Action                   || total
-------------------------++-------
Melee: Hand axe          ||   136
 Abil: Spit Poison       ||     2
  Eat: Chunk             ||     3
Armor: Leather armour    ||    36
Dodge: Dodged            ||    83

Table legend:
 A = Non-vault XP
 B = Vault XP
 C = Vault XP percentage of total XP
 D = Non-vault monster count
 E = Vault monster count
 F = Vault count percentage of total count
                 A         B        C        D         E       F
            +---------+---------+-------+---------+---------+-------
      Total |      69 |       4 |   5.5 |      43 |       2 |   4.4
            +---------+---------+-------+---------+---------+-------
        D:1 |      23 |       4 |  14.8 |      15 |       2 |  11.8
        D:2 |      40 |       0 |   0.0 |      24 |       0 |   0.0
        D:3 |       6 |       0 |   0.0 |       4 |       0 |   0.0
            +---------+---------+-------+---------+---------+-------
